 Dungeon Crawl Stone Soup version 0.27-a0-1196-g3e9cee4cb2 (webtiles) character file.

Game seed: 16213557397095034376

1 tilp the Caller (level 1, -3/14 HPs)
             Began as a Barachi Summoner on May 28, 2021.
             Slain by a kobold
             ... wielding a +0 club
              (4 damage)
             ... on level 1 of the Dungeon.
             The game lasted 00:00:22 (244 turns).

tilp the Caller (Barachi Summoner)                   Turns: 244, Time: 00:00:23

Health: -3/14      AC:  2    Str:  9    XL:     1   Next: 20%
Magic:  1/3        EV: 12    Int: 15    God:
Gold:   0          SH:  0    Dex: 12    Spells: 3/4 levels left

rFire    . . .     SeeInvis .   a - +0 short sword
rCold    . . .     Faith    .   (no shield)
rNeg     . . .     Spirit   .   c - +0 robe
rPois    .         Reflect  .   (no helmet)
rElec    .         Harm     .   (no cloak)
rCorr    .         Rampage  .   (no gloves)
Will     .....                  (no boots)
Stlth    ++........             (no amulet)
HPRegen  0.04/turn              (no ring)
MPRegen  0.08/turn              (no ring)

@: slow
A: amphibious, slowness 1, strong legs 1, +LOS
a: Hop


You were on level 1 of the Dungeon.
You visited 1 branch of the dungeon, and saw 1 of its levels.

Inventory:

Hand Weapons
 a - a +0 short sword (weapon)
Armour
 c - a +0 robe (worn)
Scrolls
 b - a scroll of identify {unknown}


   Skills:
 + Level 0.5 Fighting
 - Level 2.1 Dodging
 - Level 1.7 Stealth
 - Level 2.1 Spellcasting
 - Level 4.8 Summonings


You had 3 spell levels left.
You knew the following spells:

 Your Spells              Type           Power      Damage    Failure   Level
a - Summon Small Mammal   Summ           64%        N/A       3%          1

Your spell library contained the following spells:

 Spells                   Type           Power      Damage    Failure   Level
 Call Imp                 Summ           16%        N/A       4%          2
 Call Canine Familiar     Summ           16%        N/A       9%          3
 Summon Guardian Golem    Hex/Summ       8%         N/A       24%         3
 Summon Ice Beast         Ice/Summ       8%         N/A       63%         4
 Summon Lightning Spire   Summ/Air       8%         N/A       63%         4


Dungeon Overview and Level Annotations

Branches:
Dungeon (1/15)

Altars:


Innate Abilities, Weirdness & Mutations

You are amphibious.
You cover ground slowly.
You can hop short distances.
You have an extended range of vision and can be seen from far away.


Message History

The dart slug barely misses your rat.
You hit the kobold.
The kobold is severely wounded.
Your bat hits the kobold but does no damage.
The rat completely misses you. The kobold hits you but does no damage.
Your rat bites the dart slug but does no damage.
You barely miss the kobold.
The kobold is severely wounded.
Your bat barely misses the kobold.
The dart slug bites your rat.
Your rat dies!
Your rat's corpse disappears in a puff of smoke!
A rat comes into view.
The rat barely misses you. The kobold closely misses you.
You closely miss the kobold.
The kobold is severely wounded.
Your bat barely misses the kobold.
The rat closely misses you. The kobold hits you with a +0 club.
You are too injured to fight recklessly!
Unknown command.
You are too injured to fight recklessly!
Unknown command.
Your bat barely misses the kobold.
Your bat hits the kobold but does no damage.
Your bat hits the rat.
Your bat hits the rat but does no damage.
The rat bites you but does no damage. The rat barely misses you.
The kobold barely misses you.
Your bat hits the kobold but does no damage.
The dart slug launches a dart at you. The slug dart hits you.
* * * LOW HITPOINT WARNING * * *
Your bat hits the rat.
Your bat hits the rat but does no damage.
The dart slug launches a dart at you. The slug dart hits you.
* * * LOW HITPOINT WARNING * * *
The dart slug closely misses your bat.
Your bat hits the rat but does no damage.
The kobold hits you with a +0 club.
You die...

#. ..######## #.# #.#......## #.#
#.#.......# .
#######.######.#.......########
..#...........##.#...............
...........................######
..#...........##.#.......#.####..
..........r..rrK.............>#.#
#........b..##@#.......##.#.#.#
#........w..##.#######.##...#.#
##.......#####.# #.###..#.#
#.......# #.# #.# #..#.#
...........# #.. #.# #..#.#
#####......# ### #.###..#.#
........# #......#.. g..........
####...##. ...........#
..#######.#.#..


You could see a kobold and 3 rats.

Vanquished Creatures
  A kobold (D:1)
1 creature vanquished.

Vanquished Creatures (collateral kills)
  A giant cockroach (D:1)
1 creature vanquished.

Grand Total: 2 creatures vanquished

Notes
Turn   | Place    | Note
-------+----------+-------------------------------------------
     0 | D:1      | tilp the Barachi Summoner began the quest for the Orb.
     0 | D:1      | Reached XP level 1. HP: 13/13 MP: 3/3
   136 | D:1      | Found a faded altar of an unknown god.
   244 | D:1      | Slain by a kobold

Illustrated notes

Levels and vault maps discovered:
D:1:      dpeg_arrival_long_road, layout_basic,
          chequers_ecumenical_altar_twisty, hex_large

Action                   || total
-------------------------++-------
Melee: Short sword       ||     8
 Cast: Summon Small Mamm ||     6
 Stab: Sleeping          ||     1
Armor: Robe              ||     6
Dodge: Dodged            ||    11

Table legend: (Time is in decaauts)
 A = Elapsed time spent in this place.
 B = Non-inter-level travel time spent in this place.
 C = Inter-level travel time spent in this place.
 D = Time resting spent in this place.
 E = Time spent auto-exploring this place.
 F = Levels seen in this place.
 G = Mean time per level.
                   A        B        C        D        E       F      G
               +--------+--------+--------+--------+--------+-----+--------+
         Total |    283 |    283 |      0 |      0 |    222 |   1 |  283.0 |
       Dungeon |    283 |    283 |      0 |      0 |    222 |   1 |  283.0 |
               +--------+--------+--------+--------+--------+-----+--------+

Top non-repeatable levels by time:
     D:1: 283 daAuts
